 Dungeon Crawl Stone Soup version 0.25-a0-577-ga4619f409e (webtiles) character file.

Game seed: 4673565827169962237, levelgen mode: deterministic

100175 Flugslaktarn the Severer (level 15, -6/141 HPs)
             Began as a Deep Dwarf Fighter on Mar 2, 2020.
             Was the Champion of Makhleb.
             Killed from afar by a nagaraja (23 damage)
             ... with a bolt of poison
             ... on level 4 of the Snake Pit.
             The game lasted 00:11:54 (12423 turns).

Flugslaktarn the Severer (Deep Dwarf Fighter)      Turns: 12423, Time: 00:11:55

Health: -6/141     AC: 40    Str: 30    XL:     15   Next: 42%
Magic:  0/7        EV:  5    Int:  8    God:    Makhleb [******]
Gold:   889        SH: 14    Dex: 12    Spells: 14/14 levels left

rFire    + + +     SeeInvis .   B - +11 broad axe of the Immovable Ships {protect, *Rage rF+ rC+}
rCold    + + .     Gourm    .   c - +0 kite shield
rNeg     + . .     Faith    .   I - +10 plate armour of Ybaah {MR+}
rPois    .         Spirit   .   (helmet restricted)
rElec    .         Reflect  .   p - scarf {rC+ rF+}
rCorr    .         Harm     .   K - +2 pair of gloves
MR       +++..     Clarity  +   u - +2 pair of boots
Stlth    ..........             (no amulet)
HPRegen  0.00/turn              f - ring of protection from fire
MPRegen  0.10/turn              F - +3 ring of strength

@: mighty, lethally poisoned (-6 -> -6), protection aura, non-regenerating,
hasted, constricted, very quick
A: damage resistance, heal wounds, horns 1, clarity, negative energy resistance
1, sense surroundings 2, no regeneration
}: 1/15 runes: decaying
a: Heal Wounds, Minor Destruction, Lesser Servant of Makhleb, Major Destruction,
Greater Servant of Makhleb, Renounce Religion


You were on level 4 of the Snake Pit.
You worshipped Makhleb.
Makhleb was exalted by your worship.
You were not hungry.

You visited 5 branches of the dungeon, and saw 24 of its levels.
You also visited: Ossuary.

You collected 1159 gold pieces.
You spent 270 gold pieces at shops.

Inventory:

Hand Weapons
 a - a +0 war axe
 B - the +11 broad axe of the Immovable Ships (weapon) {protect, *Rage rF+ rC+}
   (You acquired it on level 9 of the Dungeon)

   It grants its wielder temporary protection when it strikes (+7 to AC).
   It protects you from fire.
   It protects you from cold.
   It may make you go berserk in combat.
Missiles
 A - a throwing net (quivered)
Armour
 c - a +0 kite shield (worn)
 n - a scarf of spirit shield
   (You found it on level 7 of the Dungeon)
 p - a scarf of resistance (worn)
   (You found it on level 4 of the Dungeon)
 u - a +2 pair of boots (worn)
   (You found it on level 4 of the Dungeon)
 G - +0 swamp dragon scales
   (You found it on level 4 of the Swamp)
 H - a +0 helmet
   (You found it on level 3 of the Lair of Beasts)
 I - the +10 plate armour of Ybaah (worn) {MR+}
   (You found it on level 3 of the Lair of Beasts)

   It affects your resistance to hostile enchantments.
   If you remove this armour, your AC will decrease by 26 (40 -> 14).
 K - a +2 pair of gloves (worn)
   (You found it on level 5 of the Lair of Beasts)
Jewellery
 f - a ring of protection from fire (left hand)
   (You found it on level 5 of the Lair of Beasts)
 F - a +3 ring of strength (right hand)
   (You found it on level 5 of the Lair of Beasts)
Wands
 g - a wand of clouds (5)
   (You found it on level 5 of the Lair of Beasts)
 v - a wand of digging (13)
   (You found it on level 7 of the Dungeon)
 J - a wand of enslavement (4)
   (You found it on level 5 of the Lair of Beasts)
 O - a wand of scattershot (5)
   (You found it on level 4 of the Snake Pit)
Scrolls
 i - a scroll of amnesia
 l - 2 scrolls of fear
 m - 2 scrolls of fog
 r - 3 scrolls of identify
 s - 3 scrolls of enchant weapon
 t - 8 scrolls of teleportation
 x - 9 scrolls of remove curse
 z - 3 scrolls of immolation
 D - a scroll of vulnerability
Potions
 b - a potion of mutation
 d - 4 potions of might
 h - 5 potions of haste
 j - 6 potions of stabbing
 o - 2 potions of magic
 q - 5 potions of curing
 w - 2 potions of heal wounds
 y - a potion of cancellation
 C - a potion of invisibility
 E - a potion of berserk rage {unknown}
 L - a potion of lignification
 M - a potion of brilliance
 N - a potion of flight {unknown}
Comestibles
 e - 22 rations
 k - 7 chunks of flesh


   Skills:
 + Level 11.0 Fighting
 * Level 17.0 Axes
 + Level 12.8 Armour
 + Level 12.9 Shields
 + Level 13.9 Invocations


You had 14 spell levels left.
You didn't know any spells.
Your spell library was empty.

Dungeon Overview and Level Annotations

Branches:
Dungeon (9/15)             Temple (1/1) D:5            Lair (6/6) D:9
  Swamp (4/4) Lair:2        Snake (4/4) Lair:2        Slime (0/5) Lair:6
Ossuary (visited)
    Orc: D:9-12

Altars:
Ashenzari
Cheibriados
Fedhas
Gozag
Makhleb
Nemelex Xobeh
Sif Muna
Trog
Uskayaw
Vehumet
Xom
Yredelemnul
Zin
The Shining One

Shops:
D:9 !

Annotations:
Lair:5 exclusions: 4 oklob plants and 1 more exclusion
Lair:6 3 runed translucent doors, exclusion: 4 oklob plants, Flugslaktarn's ghost, journeyman DDFi; Nijudane's ghost, journeyman DsGl
Snake:4 Vashnia


Innate Abilities, Weirdness & Mutations

You are resistant to damage.
You can heal yourself by infusing magical energy.
You resist negative energy. (rN+)
You passively map the area around you.
You do not regenerate.
You have a pair of small horns on your head.
You possess an exceptional clarity of mind.


Message History

The bolt of poison hits you!
You are more poisoned.
* * * LOW HITPOINT WARNING * * *
Vashnia spits poison at you. You block the splash of poison.
The salamander mystic gestures at the naga mage while chanting.
The naga mage seems to speed up.
You feel better.
The nagaraja hits you but does no damage.
The naga warrior hits you with a +0 dire flail of holy wrath!
* * * LOW HITPOINT WARNING * * *
The naga warrior grabs you. The naga warrior constricts you.
You are too injured to fight recklessly!
You slice Vashnia!!
Vashnia is almost dead.
You slice the naga warrior!!
The nagaraja points at you and mumbles some strange words.
The bolt of poison hits you!!
You are poisoned.
You die...

#...##.##...# , ###
###..#)....## * *
..# ##<.):....##*,
** * , ..#
##.))......#*,* , ,
.)#####..........# *
,,
.(##.............# *
)(##...#.........# *
.(#...##........N##
,
.(#...##....).##@.#
*,
#.(..###.....)SN..#*
...(...#....##NN###
, * **
#..###.....##))N)#
,* * ,, , #.##
##...##...N..#*,,, *
#.# #..##...##...#
#.# ####...# #...#
#.# #...# #NN.#* ..#
*#...# , *#.S.# ,


You could see Vashnia, 2 naga warriors, a nagaraja, a salamander mystic, an
anaconda and a naga mage.

Vanquished Creatures
  Rupert (Lair:3)
  Gastronok (Lair:2)
  A thorn hunter (Swamp:1)
  2 nagarajas
  A dire elephant (Lair:6)
  10 hydras
  2 naga warriors
  An anaconda (Snake:4)
  A two-headed ogre (D:9)
  A shambling mangrove (Swamp:4)
  A catoblepas (Lair:6)
  A deep troll shaman (Lair:6)
  A queen ant (Lair:3)
  5 alligators
  4 naga sharpshooters (Snake:4)
  4 death yaks
  2 shock serpents
  4 salamander mystics
  8 swamp dragons
  2 naga ritualists
  A necromancer (Lair:3)
  Pikel (D:6)
  4 ugly things (Swamp:1)
  2 mana vipers
  7 salamanders
  2 elephants (Lair:6)
  16 black mambas
  2 guardian serpents
  5 naga magi
  8 spiny frogs
  7 komodo dragons
  A troll (D:9)
  2 hornets
  2 tyrant leeches (Lair:2)
  Prince Ribbit (Lair:1)
  3 polar bears
  23 blink frogs
  15 slime creatures (Swamp:1)
  4 bog bodies
  2 hippogriffs
  A wraith (D:9)
  2 spriggans
  9 yaks
  A basilisk (Lair:1)
  4 vampire mosquitoes (Swamp:4)
  4 soldier ants (Lair:3)
  11 swamp worms
  28 nagas
  12 water moccasins
  7 swamp drakes
  6 porcupines
  3 orc warriors
  4 sky beasts
  A phantom (D:8)
  An elephant zombie (Lair:3)
  4 black bears
  An eye of draining (D:8)
  3 ogres
  6 centaurs
  A necrophage (D:7)
  18 wolves
  2 crocodiles (Lair:6)
  18 bullfrogs
  A big kobold (D:8)
  A wyvern zombie (D:9)
  2 scorpions
  5 killer bees (D:8)
  6 wights
  8 electric eels
  2 howler monkeys (D:8)
  A bullfrog zombie (D:5)
  8 crimson imps
  5 orc priests
  2 centaur zombies
  6 hounds
  4 orc wizards
  2 iguanas
  30 worker ants
  2 crocodile zombies (Lair:3)
  8 mummies (Ossuary)
  2 howler monkey skeletons
  10 gnolls
  14 adders
  A shadow imp (D:7)
  3 worms
  2 dart slugs
  4 leopard geckos
  35 orcs
  3 giant cockroaches
  8 goblins
  A hobgoblin (D:3)
  5 jackals
  9 kobolds
  3 quokkas
  2 ball pythons (D:3)
  5 bats
  3 frilled lizards
  A giant cockroach zombie (D:5)
  3 hobgoblin zombies (Ossuary)
  A jackal skeleton (D:8)
  3 kobold zombies (Ossuary)
  A leopard gecko skeleton (D:4)
  2 orc zombies (Ossuary)
  5 rats
  5 plants
532 creatures vanquished.

Vanquished Creatures (collateral kills)
  Nessos (Lair:4)
  5 hydras
  A shambling mangrove (Swamp:4)
  An alligator (Swamp:4)
  6 slime creatures (Swamp:4)
  4 hornets (Swamp:4)
  A naga (Snake:4)
  2 swamp drakes (Swamp:4)
21 creatures vanquished.

Vanquished Creatures (others)
  A hydra (Swamp:4)
  A mana viper (Snake:4)
  A naga (Snake:4)
  2 swamp drakes (Swamp:4)
  An orc priest (D:6)
  3 orcs (D:6)
  A quokka (D:6)
  11 plants
  5 withered plants (Lair:6)
26 creatures vanquished.

Grand Total: 579 creatures vanquished

Notes
Turn   | Place    | Note
-------+----------+-------------------------------------------
     0 | D:1      | Flugslaktarn the Deep Dwarf Fighter began the quest for the
                  | Orb.
     0 | D:1      | Reached XP level 1. HP: 20/20 MP: 1/1
   137 | D:2      | Reached XP level 2. HP: 27/27 MP: 2/2
   334 | D:3      | Reached skill level 3 in Axes
   336 | D:3      | Reached XP level 3. HP: 25/33 MP: 3/3
   583 | D:3      | Found a snail-covered altar of Cheibriados.
   667 | D:3      | Reached XP level 4. HP: 30/42 MP: 3/3
   668 | D:3      | Noticed a sky beast
   690 | D:3      | Killed a sky beast
   690 | D:3      | Reached skill level 4 in Axes
   690 | D:3      | Reached XP level 5. HP: 10/49 MP: 4/4
   941 | D:4      | Reached XP level 6. HP: 47/56 MP: 4/4
  1136 | D:4      | Reached skill level 5 in Axes
  1258 | D:4      | Found an opulent altar of Gozag.
  1468 | D:4      | Found a blossoming altar of Fedhas.
  1548 | D:5      | Entered Level 5 of the Dungeon
  1576 | D:5      | Noticed a sky beast
  1602 | D:5      | Killed a sky beast
  1636 | D:5      | Reached XP level 7. HP: 48/64 MP: 4/4
  1651 | D:5      | Reached skill level 5 in Armour
  1651 | D:5      | Reached skill level 5 in Shields
  1740 | D:5      | Reached skill level 6 in Axes
  1757 | D:5      | Found a glowing silver altar of Zin.
  1900 | D:5      | Found a staircase to the Ecumenical Temple.
  1906 | Temple   | Entered the Ecumenical Temple
  1987 | Temple   | Became a worshipper of Makhleb the Destroyer
  2180 | D:6      | Found a glowing golden altar of the Shining One.
  2223 | D:6      | Reached skill level 1 in Invocations
  2234 | D:6      | Noticed Pikel
  2252 | D:6      | Killed Pikel
  2252 | D:6      | Reached skill level 7 in Axes
  2252 | D:6      | Reached XP level 8. HP: 50/73 MP: 3/5
  2262 | D:6      | Found a sand-covered staircase.
  2270 | Ossuary  | Entered an ossuary
  2501 | D:6      | Reached skill level 5 in Fighting
  2644 | D:6      | Found a bloodstained altar of Trog.
  3323 | D:7      | Reached skill level 8 in Axes
  3329 | D:7      | Reached * piety under Makhleb
  3330 | D:7      | Found a sparkling altar of Nemelex Xobeh.
  3468 | D:7      | Gained mutation: You passively map the area around you.
                  | [Deep Dwarf growth]
  3468 | D:7      | Reached XP level 9. HP: 59/80 MP: 7/7
  4036 | D:8      | Reached skill level 5 in Invocations
  4089 | D:8      | Reached skill level 9 in Axes
  4215 | D:8      | Reached ** piety under Makhleb
  4489 | D:8      | Found a radiant altar of Vehumet.
  5013 | D:8      | Reached XP level 10. HP: 59/91 MP: 8/8
  5122 | D:9      | Noticed a two-headed ogre
  5171 | D:9      | Killed a two-headed ogre
  5171 | D:9      | Reached *** piety under Makhleb
  5171 | D:9      | Reached skill level 10 in Axes
  5420 | D:9      | Found Zessol's Distillery.
  5428 | D:9      | Bought a potion of mutation for 120 gold pieces
  5428 | D:9      | Bought a potion of haste for 150 gold pieces
  5429 | D:9      | Identified a scroll of acquirement
  5430 | D:9      | Identified the +11 broad axe of the Immovable Ships
                  | {protect, *Rage rF+ rC+} (You acquired it on level 9 of the
                  | Dungeon)
  5631 | D:9      | Gained mutation: You possess an exceptional clarity of
                  | mind. [potion of mutation]
  5631 | D:9      | Gained mutation: You have a pair of small horns on your
                  | head. [potion of mutation]
  5747 | D:9      | Found a staircase to the Lair.
  5813 | Lair:1   | Entered Level 1 of the Lair of Beasts
  5824 | Lair:1   | Reached skill level 11 in Axes
  5852 | Lair:1   | Noticed a six-headed hydra
  5857 | Lair:1   | Noticed Prince Ribbit
  5863 | Lair:1   | Killed a 12-headed hydra
  5864 | Lair:1   | Reached XP level 11. HP: 56/100 MP: 9/9
  5872 | Lair:1   | Killed Prince Ribbit
  5908 | Lair:1   | Reached **** piety under Makhleb
  6085 | Lair:1   | Reached skill level 12 in Axes
  6528 | Lair:2   | Found a staircase to the Snake Pit.
  6613 | Lair:2   | Found a staircase to the Swamp.
  6688 | Lair:2   | Noticed Gastronok
  6688 | Lair:2   | Noticed a seven-headed hydra
  6694 | Lair:2   | Reached XP level 12. HP: 61/110 MP: 12/12
  6711 | Lair:2   | Killed a 12-headed hydra
  6716 | Lair:2   | Killed Gastronok
  7102 | Lair:2   | Reached skill level 13 in Axes
  7107 | Lair:2   | Reached skill level 10 in Invocations
  7536 | Lair:3   | Reached skill level 10 in Shields
  7552 | Lair:3   | Found a shattered altar of Ashenzari.
  7590 | Lair:3   | Got a crude plate armour
  7591 | Lair:3   | Identified the +10 plate armour of Ybaah {MR+} (You found
                  | it on level 3 of the Lair of Beasts)
  7639 | Lair:3   | Reached skill level 10 in Armour
  7644 | Lair:3   | Reached ***** piety under Makhleb
  7661 | Lair:3   | Noticed a queen ant
  7676 | Lair:3   | Killed a queen ant
  7840 | Lair:3   | Found a dark tunnel.
  7954 | Lair:3   | Noticed Rupert
  7978 | Lair:3   | Paralysed by Rupert for 2 turns
  7981 | Lair:3   | Killed Rupert
  8341 | Lair:4   | Noticed an eight-headed hydra
  8344 | Lair:4   | Noticed Nessos
  8349 | Lair:4   | Killed a 13-headed hydra
  8374 | Lair:4   | Killed Nessos
  8593 | Lair:4   | Reached XP level 13. HP: 93/121 MP: 12/12
  8752 | Lair:4   | Reached skill level 14 in Axes
  9177 | Lair:5   | You fall into a shaft and drop 1 floor!
  9177 | Lair:6   | Entered Level 6 of the Lair of Beasts
  9177 | Lair:6   | Noticed a dire elephant
  9215 | Lair:6   | Killed a dire elephant
  9780 | Lair:6   | Found a staircase to the Slime Pits.
  9874 | Lair:6   | Found a runed translucent gate.
  9874 | Lair:6   | Found a runed translucent gate.
  9876 | Lair:6   | Found a runed translucent gate.
  9878 | Lair:6   | Noticed Flugslaktarn's ghost (journeyman DDFi)
  9878 | Lair:6   | Noticed Nijudane's ghost (journeyman DsGl)
 10763 | Swamp:1  | Entered Level 1 of the Swamp
 10855 | Swamp:1  | Noticed a thorn hunter
 10867 | Swamp:1  | Reached skill level 15 in Axes
 10886 | Swamp:1  | Killed a thorn hunter
 10913 | Swamp:1  | Reached ****** piety under Makhleb
 10917 | Swamp:1  | Gained mutation: You resist negative energy. (rN+) [Deep
                  | Dwarf growth]
 10917 | Swamp:1  | Reached XP level 14. HP: 103/130 MP: 12/12
 11010 | Swamp:2  | Reached skill level 10 in Fighting
 11070 | Swamp:4  | Entered Level 4 of the Swamp
 11308 | Swamp:4  | HP: 5/132 [14-headed hydra (10)]
 11340 | Swamp:4  | Noticed a balrug
 11416 | Swamp:4  | Reached skill level 16 in Axes
 11418 | Swamp:4  | HP: 1/133 [titanic slime creature (28)]
 11510 | Swamp:4  | Got a decaying rune of Zot
 11692 | Snake:1  | Entered Level 1 of the Snake Pit
 11877 | Snake:2  | Noticed a nagaraja
 11890 | Snake:2  | Killed a nagaraja
 12138 | Snake:3  | Reached XP level 15. HP: 113/140 MP: 5/8
 12266 | Snake:4  | Entered Level 4 of the Snake Pit
 12374 | Snake:4  | Noticed Vashnia
 12380 | Snake:4  | Noticed a nagaraja
 12390 | Snake:4  | Noticed a nagaraja
 12399 | Snake:4  | Killed a nagaraja
 12399 | Snake:4  | Reached skill level 17 in Axes
 12423 | Snake:4  | Killed from afar by a nagaraja

Levels and vault maps discovered:
D:1:      lemuel_arrival_room, layout_rooms, serial_park_tiny_pond,
          minmay_unequal
D:2:      layout_loops_corners, kiku_gazebo_pond_becter, first_ration
D:3:      layout_loops_ring, lemuel_coloured_pillars_altar,
          overflow_temple_1_default
D:4:      kennysheep_goblin_castle, layout_gridville, lemuel_round_altar,
          kennysheep_mini_moat
D:5:      layout_rooms, lemuel_crystal_altar,
          minmay_temple_entry_enclosed_plants, kennysheep_generic_room_4
D:6:      layout_loops_corners, tso_metal_star, nicolae_ossuary_entry_monument,
          trog_butcher_becter, uniq_pikel
D:7:      layout_basic, overflow_temple_1_default
D:8:      minmay_imperfect_grid, layout_basic, overflow_temple_1_default
D:9:      layout_basic, david_lair_shrubbed, serial_shops, shop
Temple:   nicolae_temple_figure_eight
Lair:1:   layout_long_grid, grunt_megastairs_1, uniq_prince_ribbit2
Lair:2:   layout_regular_city, minmay_swamp_entry_worms,
          guppyfry_snake_entry_island, grunt_megastairs_4, uniq_gastronok
Lair:3:   pond_and_an_island_with_a_cottage, layout_misc_corridors, basic_altar,
          nicolae_volcano_entry_s_turn, minmay_another_anthill, uniq_rupert
Lair:4:   layout_cave_pods, grunt_forest_stairs_clearing, uniq_nessos
Lair:5:   minmay_guarded_unrand_snakebite, layout_cave_shapes,
          infiniplex_staircase_pool_2, minmay_lair_oklob_chamber
Lair:6:   grunt_lair_end_beastmaster, layout_cave_pods,
          minmay_slime_entry_oklob_enclosed, gammafunk_ghost_cemetery,
          serial_bayou, serial_bayou_shore_b, serial_bayou_lagoon_a,
          serial_bayou_lagoon_b, serial_bayou_crossing, serial_bayou_pond_e,
          gauntlet_entry_generic, guppyfry_lair_drakes
Swamp:1:  layout_falls_marsh, infiniplex_staircase_pool, swamp_pool1
Swamp:2:  layout_basic_swamp, hangedman_swamp_diagram, swamp_pool1
Swamp:3:  layout_basic_swamp, nicolae_swamp_orc_logging_accident,
          uniq_bai_suzhen, uniq_jorgrun
Swamp:4:  swamp, layout_basic_swamp
Snake:1:  layout_onion, nicolae_snake_double_loop, grunt_ministairs_4,
          uniq_aizul
Snake:2:  layout_grid_maze
Snake:3:  layout_chambers, basic_altar
Snake:4:  johnstein_snake_rune_scales, layout_rooms,
          hangedman_snake_corridor_cut, uniq_roxanne, uniq_vashnia

Skill      XL: |  1  2  3  4  5  6  7  8  9 10 11 12 13 14 15 |
---------------+----------------------------------------------+-----
Axes           | 3 4 5 7 8 9 11 12 13 15 16 17 | 17.0
Fighting       | 3 4 5 6 7 8 9 10 11 | 11.0
Armour         | 4 5 6 7 8 9 10 11 12 | 12.8
Shields        | 4 5 6 7 8 9 10 11 12 | 12.9
Invocations    | 2 4 6 7 9 11 12 13 | 13.9

Action                   |  1- 3 |  4- 6 |  7- 9 | 10-12 | 13-15 || total
-------------------------+-------+-------+-------+-------+-------++-------
Melee: War axe           |   127 |   193 |   474 |    92 |       ||   886
       Broad axe         |       |       |       |   443 |   705 ||  1148
       Headbutt          |       |       |       |    88 |   164 ||   252
Invok: Lesser Servant of |       |       |       |     4 |       ||     4
       Greater Servant o |       |       |       |       |     5 ||     5
 Abil: Heal Wounds       |     2 |     4 |     8 |    23 |    31 ||    68
Evoke: Wand              |       |       |       |       |     2 ||     2
  Use: Scroll            |       |       |    14 |     6 |    13 ||    33
       Potion            |       |       |       |     2 |    12 ||    14
 Stab: Distracted        |       |       |     1 |     1 |       ||     2
       Petrified         |       |       |       |       |     3 ||     3
  Eat: Chunk             |       |     3 |     8 |     6 |     8 ||    25
       Ration            |       |       |     1 |     2 |     2 ||     5
Armor: Scale mail        |    26 |       |       |       |       ||    26
       Plate armour      |    26 |   128 |   256 |   374 |   663 ||  1447
       Swamp dragon scal |       |       |       |       |   145 ||   145
Dodge: Dodged            |    29 |    42 |    89 |   139 |   302 ||   601
Block: Kite shield       |    60 |   124 |   283 |   385 |   642 ||  1494

Table legend:
 A = Non-vault XP
 B = Vault XP
 C = Vault XP percentage of total XP
 D = Non-vault monster count
 E = Vault monster count
 F = Vault count percentage of total count
                 A         B        C        D         E       F
            +---------+---------+-------+---------+---------+-------
      Total |   73060 |   51476 |  41.3 |     374 |     178 |  32.2
            +---------+---------+-------+---------+---------+-------
        D:1 |       6 |       0 |   0.0 |       4 |       0 |   0.0
        D:2 |      18 |       0 |   0.0 |      11 |       0 |   0.0
        D:3 |     306 |       0 |   0.0 |      38 |       0 |   0.0
        D:4 |     237 |      13 |   5.2 |      23 |       1 |   4.2
        D:5 |     550 |       0 |   0.0 |       9 |       0 |   0.0
        D:6 |     161 |     851 |  84.1 |       3 |       5 |  62.5
        D:7 |    1066 |       0 |   0.0 |      18 |       0 |   0.0
        D:8 |    1157 |    1055 |  47.7 |      31 |      20 |  39.2
        D:9 |    3343 |     361 |   9.7 |      39 |       1 |   2.5
     Lair:1 |    7457 |    2026 |  21.4 |      33 |      11 |  25.0
     Lair:2 |    4378 |    3044 |  41.0 |      14 |       8 |  36.4
     Lair:3 |    1617 |    5797 |  78.2 |      11 |      29 |  72.5
     Lair:4 |    2766 |    2148 |  43.7 |      10 |       7 |  41.2
     Lair:5 |     752 |    1514 |  66.8 |       2 |       8 |  80.0
     Lair:6 |    2386 |    9697 |  80.3 |      10 |      21 |  67.7
    Swamp:1 |   15822 |       0 |   0.0 |      36 |       0 |   0.0
    Swamp:2 |    2274 |       0 |   0.0 |       4 |       0 |   0.0
    Swamp:3 |     582 |       0 |   0.0 |       3 |       0 |   0.0
    Swamp:4 |    6508 |   12587 |  65.9 |      28 |      24 |  46.2
    Snake:1 |       0 |    1337 | 100.0 |       0 |       2 | 100.0
    Snake:2 |    6736 |       0 |   0.0 |      13 |       0 |   0.0
    Snake:3 |    8278 |       0 |   0.0 |      21 |       0 |   0.0
    Snake:4 |    6660 |   10896 |  62.1 |      13 |      25 |  65.8
    Ossuary |       0 |     150 | 100.0 |       0 |      16 | 100.0
            +---------+---------+-------+---------+---------+-------
